 Dungeon Crawl Stone Soup version 0.23.2-32-g37ab1d4649 (webtiles) character file.

Game seed: 6205046090657845297

168 H0rd4k the Magician (level 5, 0/28 HPs)
             Began as a Deep Elf Wizard on June 25, 2019.
             Was an Initiate of Sif Muna.
             Slain by a worker ant (2 damage)
             ... on level 3 of the Dungeon on June 26, 2019.
             The game lasted 00:07:26 (3681 turns).

H0rd4k the Magician (Deep Elf Wizard)               Turns: 3681, Time: 00:07:26

Health: 0/28       AC:  2    Str:  4    XL:     5   Next: 24%
Magic:  12/16      EV: 13    Int: 24    God:    Sif Muna [......]
Gold:   144        SH:  0    Dex: 13    Spells: 11/17 levels left

rFire    . . .     SeeInvis .   g - +2 short sword (speed)
rCold    . . .     Gourm    .   (no shield)
rNeg     . . .     Faith    .   a - +0 robe
rPois    .         Spirit   .   b - +0 hat
rElec    .         Reflect  .   (no cloak)
rCorr    .         Harm     .   (no gloves)
MR       .....                  (no boots)
Stlth    ++........             (no amulet)
HPRegen  0.09/turn              (no ring)
MPRegen  0.15/turn              (no ring)

@: lethally poisoned (0 -> -4)
A: no striking features
a: Renounce Religion


You were on level 3 of the Dungeon.
You worshipped Sif Muna.
Sif Muna was noncommittal.
You were hungry.

You visited 2 branches of the dungeon, and saw 5 of its levels.

You collected 144 gold pieces.

Inventory:

Hand Weapons
 g - a +2 short sword of speed (weapon)
 m - a +2 dagger of venom
Armour
 a - a +0 robe (worn)
 b - a +0 hat (worn)
Scrolls
 c - a scroll of random uselessness {unknown}
 e - a scroll of teleportation {unknown}
 h - a scroll of identify
 i - a scroll of amnesia {unknown}
 k - a scroll of magic mapping {unknown}
 n - a scroll of noise {unknown}
Potions
 f - 3 potions of curing
 j - a potion of mutation {unknown}
 l - a potion of berserk rage {unknown}
 o - a potion of heal wounds {unknown}
Comestibles
 d - 4 rations
 p - a chunk of flesh


   Skills:
 + Level 0.3 Fighting
 + Level 2.9 Dodging
 + Level 3.2 Stealth
 + Level 6.6 Spellcasting
 + Level 2.9 Conjurations
   Level 1.1 Summonings
 + Level 1.1 Translocations


You had 11 spell levels left.
You knew the following spells:

 Your Spells              Type           Power        Failure   Level  Hunger
a - Magic Dart            Conj           ###.         2%          1    None
b - Blink                 Tloc           N/A          7%          2    None
c - Conjure Flame         Conj/Fire      ###.....     12%         3    None

Your spell library contained the following spells:

 Spells                   Type           Power        Failure   Level  Hunger
 Call Imp                 Summ           ##......     7%          2    None
 Slow                     Hex            #.......     12%         2    None
 Mephitic Cloud           Conj/Pois/Air  ##......     16%         3    None


Dungeon Overview and Level Annotations

Branches:
Dungeon (4/15)             Temple (1/1) D:4

Altars:
Dithmenos
Elyvilon
Fedhas
Gozag
Hepliaklqana
Kikubaaqudgha
Makhleb
Nemelex Xobeh
Okawaru
Sif Muna
Trog
Uskayaw
Vehumet
Wu Jian
Yredelemnul

Annotations:
D:1 exclusion: downstairs
D:2 exclusion: ice beast
D:4 Edmund, Grinder


Message History

A worker ant comes into view.
Found a scroll labeled MIN IRUFYZASAGE.
There is a stone staircase leading down here.
Casting: Conjure Flame (safe; 12% risk of failure)
Confirm with . or Enter, or press ? or * to list all spells.
You blink.
An orc wizard and a dart slug come into view.
The worker ant twitches its antennae in your direction.
The worker ant bites you.
* * * LOW HITPOINT WARNING * * *
You are lethally poisoned!
The worker ant poisons you!
Found a ration.
* * * LOW HITPOINT WARNING * * *
You feel sick.
As you read the scroll labeled MIN IRUFYZASAGE, it crumbles to dust.
It is a scroll of identify.
f - 3 potions of curing The worker ant closely misses you.
The worker ant bites you.
You die...

##..#..#... ...
# ##........
#.#.....#.o
#.#.......
.##........
.......... #
.........#.#####
.......a...%....
...w...@.#.####.
........a...#
.....####...#
.... #...# # ...
#...###.... ..
#..ยง.?..# .
#...##### #...#
#...#


You could see 2 worker ants, an orc wizard and a dart slug.

Vanquished Creatures
  A scorpion (D:4)
  3 adders
  A shadow imp (D:4)
  An ooze (D:1)
  3 worms
  4 dart slugs
  2 leopard geckos
  4 orcs (D:4)
  2 ball pythons (D:1)
  7 bats
  A giant cockroach (D:4)
  5 goblins (D:1)
  8 hobgoblins
  4 kobolds (D:1)
  2 quokkas (D:2)
  6 frilled lizards
  6 rats
60 creatures vanquished.

Vanquished Creatures (others)
  A human (D:2)
1 creature vanquished.

Grand Total: 61 creatures vanquished

Notes
Turn   | Place    | Note
-------+----------+-------------------------------------------
     0 | D:1      | H0rd4k the Deep Elf Wizard began the quest for the Orb.
     0 | D:1      | Reached XP level 1. HP: 10/10 MP: 7/7
   245 | D:1      | Reached XP level 2. HP: 15/15 MP: 5/9
   363 | D:1      | Reached skill level 5 in Spellcasting
   590 | D:1      | Upgraded the game from 0.23.2-30-g0e89c35649 to
                  | 0.23.2-32-g37ab1d4649
   638 | D:1      | Reached XP level 3. HP: 17/19 MP: 6/12
  1235 | D:2      | Noticed an ice beast
  1240 | D:2      | Learned a level 2 spell: Blink
  1244 | D:2      | Learned a level 3 spell: Conjure Flame
  1842 | D:2      | Reached XP level 4. HP: 24/24 MP: 7/13
  2217 | D:2      | Found an ancient bone altar of Kikubaaqudgha.
  2218 | D:2      | Noticed a human
  2220 | D:2      | Killed a human
  2421 | D:2      | Reached skill level 6 in Spellcasting
  2781 | D:3      | You fall through a shaft!
  3140 | D:4      | Reached XP level 5. HP: 28/28 MP: 13/16
  3145 | D:4      | Found a staircase to the Ecumenical Temple.
  3299 | D:4      | Noticed an ogre
  3318 | Temple   | Entered the Ecumenical Temple
  3429 | Temple   | Became a worshipper of Sif Muna the Loreminder
  3501 | D:4      | Noticed Edmund
  3625 | D:4      | Noticed Grinder
  3681 | D:3      | Slain by a worker ant

Skill      XL: |  1  2  3  4 |
---------------+-------------+-----
Spellcasting   | 5 6 |  6.6
Conjurations   | 2 |  2.9
Stealth        | 3 |  3.2
Fighting       | |  0.3
Dodging        | |  2.9
Summonings     | |  1.1
Translocations | |  1.1

Action                   |  1- 3 |  4- 6 || total
-------------------------+-------+-------++-------
Melee: Unarmed           |     7 |       ||     7
 Cast: Magic Dart        |   115 |    75 ||   190
       Conjure Flame     |       |     2 ||     2
       Blink             |       |     2 ||     2
  Use: Scroll            |       |     1 ||     1
  Eat: Chunk             |     2 |     2 ||     4
       Ration            |       |     1 ||     1
Armor: Robe              |     4 |     1 ||     5
Dodge: Dodged            |    16 |    19 ||    35
